[ AOE2 MATCH · #484550671 ]
UnrankedShu vs Persians
[ REPLAY ANALYSIS · EXTRACTED FROM THE RECORDED GAME ]
Feudal
12:52
Castle
22:02
Imperial
36:04
| APM avg | 31.9 |
| APM peak | 65 |
| eAPM avg | 13.3 |
| Villagers / military | 54 / 58 |
Focus
⚔️ 30.7% · 🌾 69.3%
Archer ×38 · Spearman ×15 · Unknown (1942) ×3 · Monk ×2 · Mangonel ×2 · Battering Ram ×1
Feudal
—
Castle
—
Imperial
—
| APM avg | 21.7 |
| APM peak | 68 |
| eAPM avg | 15.6 |
| Villagers / military | 138 / 93 |
Focus
⚔️ 18.8% · 🌾 81.2%
Hand Cannoneer ×81 · Bombard Cannon ×12
Feudal
13:07
Castle
20:06
Imperial
37:57
| APM avg | 18.0 |
| APM peak | 31 |
| eAPM avg | 13.4 |
| Villagers / military | 128 / 76 |
Focus
⚔️ 29.4% · 🌾 70.6%
Skirmisher ×64 · Bombard Cannon ×8 · Spearman ×3 · Trade Cart ×3 · War Elephant ×1
Feudal
11:25
Castle
16:15
Imperial
32:44
| APM avg | 33.1 |
| APM peak | 79 |
| eAPM avg | 17.1 |
| Villagers / military | 122 / 245 |
Focus
⚔️ 43.5% · 🌾 56.5%
Longbowman ×82 · Scout Cavalry ×82 · Spearman ×69 · Trebuchet (Packed) ×8 · Trade Cart ×3 · Monk ×2
Feudal
10:34
Castle
16:56
Imperial
39:33
| APM avg | 22.8 |
| APM peak | 56 |
| eAPM avg | 15.7 |
| Villagers / military | 199 / 158 |
Focus
⚔️ 30.9% · 🌾 69.1%
Scout Cavalry ×123 · Mangonel ×18 · Mangudai ×15 · Monk ×2
Feudal
9:18
Castle
19:02
Imperial
36:03
| APM avg | 22.5 |
| APM peak | 51 |
| eAPM avg | 13.6 |
| Villagers / military | 135 / 147 |
Focus
⚔️ 17.0% · 🌾 83.0%
Spearman ×110 · Karambit Warrior ×37 · Trade Cart ×10
Feudal
14:43
Castle
23:02
Imperial
40:01
| APM avg | 17.3 |
| APM peak | 44 |
| eAPM avg | 11.5 |
| Villagers / military | 98 / 1 |
Focus
⚔️ 17.0% · 🌾 83.0%
Unknown (1968) ×173 · Trade Cart ×32 · Monk ×1
Feudal
12:14
Castle
21:08
Imperial
33:21
| APM avg | 18.0 |
| APM peak | 46 |
| eAPM avg | 16.3 |
| Villagers / military | 158 / 191 |
Focus
⚔️ 42.5% · 🌾 57.5%
Hand Cannoneer ×73 · Skirmisher ×40 · Spearman ×26 · Bombard Cannon ×25 · Teutonic Knight ×19 · Trebuchet (Packed) ×8
Match map
Initial resources + every placement click. Lines = walls · curves = elevation contours. ◆ gold · ⬟ stone · ● berries · ✦ relic · ◌ wall gap
Your base· ✓ Closed at 22:02 · 0t walls · 2 gate(s)
YellowyGnu8986's base· ✓ Closed at 15:25 · 0t walls · 3 gate(s)
jens_steffen1's base· ✓ Closed at 20:06 · 0t walls · 2 gate(s)
T.G-James.'s base· ✓ Closed at 16:15 · 0t walls · 2 gate(s)
m00n's base· ✓ Closed at 16:56 · 7t walls · 3 gate(s)
MishualPa's base· ✓ Closed at 19:02 · 0t walls · 2 gate(s)
birtanonline's base· ✓ Closed at 23:02 · 0t walls · 4 gate(s)
MKO82's base· ✓ Closed at 21:08 · 0t walls · 2 gate(s)
Smoothed initial terrain · ◌ = detected wall gap · hover for details
Inputs per minute
— bigdady - - YellowyGnu8986
Build order — bigdady
First 150 of 203 actions detected
| 0:03 | Create | Villager (Male) |
| 0:03 | Create | Villager (Male) |
| 0:10 | Build | House |
| 0:11 | Build | House |
| 0:57 | Create | Villager (Male) |
| 1:27 | Create | Villager (Male) |
| 1:55 | Create | Villager (Male) |
| 2:23 | Create | Villager (Male) |
| 2:51 | Create | Villager (Male) |
| 3:17 | Create | Villager (Male) |
| 3:46 | Create | Villager (Male) |
| 4:15 | Create | Villager (Male) |
| 4:37 | Build | Mill |
| 4:42 | Create | Villager (Male) |
| 5:18 | Create | Villager (Male) |
| 5:21 | Research | Loom |
| 5:27 | Build | House |
| 5:38 | Create | Villager (Male) |
| 5:57 | Build | House |
| 6:06 | Build | Lumber Camp |
| 6:13 | Build | Lumber Camp |
| 6:18 | Create | Villager (Male) |
| 6:44 | Create | Villager (Male) |
| 7:03 | Build | House |
| 7:20 | Create | Villager (Male) |
| 7:38 | Build | Barracks |
| 7:47 | Build | House |
| 8:03 | Create | Villager (Male) |
| 8:32 | Create | Villager (Male) |
| 8:59 | Create | Villager (Male) |
| 9:38 | Create | Villager (Male) |
| 10:10 | Create | Villager (Male) |
| 10:42 | Research | Feudal Age |
| 11:00 | Build | Mill |
| 11:17 | Build | Mining Camp |
| 11:26 | Build | Mining Camp |
| 12:52 | Age | Feudal Age |
| 12:54 | Create | Villager (Male) |
| 12:57 | Research | Double-Bit Axe |
| 13:26 | Create | Villager (Male) |
| 14:05 | Build | Mill |
| 14:08 | Create | Villager (Male) |
| 14:40 | Create | Villager (Male) |
| 14:53 | Build | Blacksmith |
| 15:09 | Build | Archery Range |
| 15:19 | Build | Archery Range |
| 15:23 | Create | Villager (Male) |
| 15:53 | Create | Villager (Male) |
| 16:00 | Build | House |
| 16:47 | Create | Villager (Male) |
| 17:10 | Build | Archery Range |
| 17:19 | Create | Villager (Male) |
| 17:26 | Build | Farm |
| 17:27 | Build | Farm |
| 17:28 | Build | Farm |
| 17:41 | Build | Farm |
| 17:50 | Build | Farm |
| 17:52 | Create | Villager (Male) |
| 18:05 | Build | House |
| 18:28 | Create | Villager (Male) |
| 18:36 | Create | Archer |
| 18:36 | Create | Archer |
| 18:47 | Build | House |
| 18:57 | Create | Villager (Male) |
| 19:15 | Create | Archer |
| 19:18 | Research | Castle Age |
| 19:28 | Build | Farm |
| 20:09 | Create | Archer |
| 20:09 | Create | Archer |
| 20:20 | Create | Archer |
| 20:27 | Research | Fletching |
| 20:43 | Research | Gold Mining |
| 21:13 | Create | Archer |
| 21:14 | Create | Archer |
| 21:24 | Build | House |
| 21:33 | Research | Horse Collar |
| 22:02 | Age | Castle Age |
| 22:04 | Research | Bodkin Arrow |
| 22:07 | Research | Bow Saw |
| 22:13 | Research | Crossbowman (upgrade) |
| 22:39 | Build | Castle |
| 22:59 | Create | Villager (Male) |
| 23:06 | Build | Town Center |
| 23:09 | Create | Villager (Male) |
| 23:51 | Research | Thumb Ring |
| 23:53 | Research | Padded Archer Armor |
| 23:59 | Build | Farm |
| 24:00 | Build | Farm |
| 24:14 | Build | Farm |
| 24:30 | Build | Siege Workshop |
| 24:35 | Create | Archer |
| 24:42 | Build | Monastery |
| 24:46 | Research | Leather Archer Armor |
| 24:54 | Create | Villager (Male) |
| 25:16 | Create | Archer |
| 25:19 | Create | Monk |
| 25:30 | Build | Mining Camp |
| 26:39 | Create | Battering Ram |
| 26:55 | Create | Monk |
| 27:25 | Create | Villager (Male) |
| 27:28 | Create | Villager (Male) |
| 27:34 | Create | Archer |
| 28:29 | Create | Mangonel |
| 29:14 | Build | University |
| 29:26 | Create | Archer |
| 29:26 | Create | Archer |
| 30:15 | Create | Villager (Male) |
| 30:36 | Research | Ballistics |
| 30:44 | Create | Villager (Male) |
| 30:47 | Create | Villager (Male) |
| 31:03 | Create | Mangonel |
| 32:05 | Build | Barracks |
| 32:06 | Build | Barracks |
| 32:54 | Research | Imperial Age |
| 32:56 | Create | Villager (Male) |
| 32:57 | Create | Villager (Male) |
| 33:20 | Research | Squires |
| 33:28 | Create | Villager (Male) |
| 33:33 | Build | Lumber Camp |
| 34:48 | Research | Pikeman (upgrade) |
| 34:50 | Create | Spearman |
| 34:54 | Build | Barracks |
| 35:00 | Research | Heavy Plow |
| 35:06 | Build | Farm |
| 35:08 | Build | Farm |
| 35:10 | Create | Villager (Male) |
| 35:10 | Create | Villager (Male) |
| 35:14 | Research | Gold Shaft Mining |
| 35:27 | Create | Spearman |
| 35:27 | Create | Spearman |
| 35:41 | Create | Spearman |
| 35:42 | Create | Spearman |
| 35:46 | Research | Scale Mail Armor |
| 36:04 | Age | Imperial Age |
| 36:42 | Create | Unit 1942 |
| 36:45 | Create | Unit 1942 |
| 36:49 | Build | Farm |
| 36:50 | Build | Farm |
| 36:53 | Create | Villager (Male) |
| 36:56 | Create | Villager (Male) |
| 37:01 | Create | Archer |
| 37:01 | Create | Archer |
| 37:11 | Create | Spearman |
| 37:22 | Research | Murder Holes |
| 37:29 | Create | Spearman |
| 37:29 | Create | Spearman |
| 37:39 | Create | Archer |
| 38:23 | Create | Archer |
| 38:23 | Create | Archer |
| 38:47 | Create | Villager (Male) |
Build order — YellowyGnu8986
First 150 of 348 actions detected
| 0:05 | Research | Loom |
| 0:06 | Create | Villager (Male) ×4 |
| 0:06 | Create | Villager (Male) ×4 |
| 0:06 | Create | Villager (Male) ×4 |
| 0:15 | Build | House |
| 0:16 | Build | House |
| 0:18 | Build | House |
| 1:58 | Create | Villager (Male) |
| 1:58 | Create | Villager (Male) |
| 1:59 | Create | Villager (Male) |
| 1:59 | Create | Villager (Male) |
| 2:21 | Build | Lumber Camp |
| 2:31 | Create | Villager (Male) |
| 2:31 | Create | Villager (Male) |
| 2:32 | Create | Villager (Male) |
| 2:32 | Create | Villager (Male) |
| 2:50 | Create | Villager (Male) |
| 2:51 | Create | Villager (Male) |
| 3:16 | Create | Villager (Male) |
| 3:16 | Create | Villager (Male) |
| 3:16 | Create | Villager (Male) |
| 3:41 | Create | Villager (Male) |
| 3:41 | Create | Villager (Male) |
| 4:07 | Create | Villager (Male) |
| 4:08 | Create | Villager (Male) |
| 4:37 | Create | Villager (Male) |
| 4:38 | Create | Villager (Male) |
| 5:00 | Build | House |
| 5:01 | Build | House |
| 5:05 | Create | Villager (Male) |
| 5:05 | Create | Villager (Male) |
| 5:38 | Create | Villager (Male) |
| 5:38 | Create | Villager (Male) |
| 5:39 | Create | Villager (Male) |
| 5:39 | Create | Villager (Male) |
| 6:14 | Build | Mill |
| 6:29 | Create | Villager (Male) |
| 6:29 | Create | Villager (Male) |
| 6:29 | Create | Villager (Male) |
| 6:41 | Create | Villager (Male) |
| 6:41 | Create | Villager (Male) |
| 6:41 | Create | Villager (Male) |
| 7:15 | Create | Villager (Male) |
| 7:27 | Create | Villager (Male) |
| 7:27 | Create | Villager (Male) |
| 7:27 | Create | Villager (Male) |
| 7:28 | Create | Villager (Male) |
| 8:01 | Create | Villager (Male) |
| 8:01 | Create | Villager (Male) |
| 8:02 | Create | Villager (Male) |
| 8:02 | Create | Villager (Male) |
| 8:25 | Build | Farm |
| 8:27 | Create | Villager (Male) |
| 8:27 | Create | Villager (Male) |
| 8:27 | Create | Villager (Male) |
| 8:51 | Create | Villager (Male) |
| 8:51 | Create | Villager (Male) |
| 8:51 | Create | Villager (Male) |
| 8:51 | Create | Villager (Male) |
| 8:52 | Create | Villager (Male) |
| 9:09 | Create | Villager (Male) |
| 9:24 | Build | Mill |
| 10:00 | Build | Barracks |
| 10:04 | Build | House |
| 10:05 | Build | House |
| 10:31 | Build | Mining Camp |
| 10:47 | Research | Feudal Age |
| 10:48 | Research | Feudal Age |
| 10:57 | Build | Farm |
| 10:58 | Build | Farm |
| 11:03 | Build | Farm |
| 12:19 | Build | Farm |
| 12:20 | Build | Farm |
| 12:21 | Build | Farm |
| 12:22 | Build | Farm |
| 12:35 | Build | House |
| 12:36 | Build | House |
| 12:58 | Research | Wheelbarrow |
| 12:58 | Research | Wheelbarrow |
| 12:59 | Research | Wheelbarrow |
| 12:59 | Research | Wheelbarrow |
| 13:03 | Research | Double-Bit Axe |
| 13:03 | Research | Double-Bit Axe |
| 13:05 | Research | Horse Collar |
| 13:05 | Research | Horse Collar |
| 13:19 | Build | Blacksmith |
| 14:31 | Build | Archery Range |
| 15:25 | Research | Castle Age |
| 15:25 | Research | Castle Age |
| 15:25 | Research | Castle Age |
| 15:26 | Research | Castle Age |
| 15:33 | Build | Farm |
| 15:48 | Research | Gold Mining |
| 16:44 | Build | Farm |
| 16:45 | Build | Farm |
| 16:46 | Build | Farm |
| 16:47 | Build | Farm |
| 17:03 | Research | Stone Mining |
| 18:52 | Research | Bow Saw |
| 18:52 | Research | Bow Saw |
| 18:55 | Research | Heavy Plow |
| 18:56 | Research | Heavy Plow |
| 18:56 | Research | Heavy Plow |
| 18:56 | Research | Heavy Plow |
| 19:00 | Research | Hand Cart |
| 19:00 | Research | Hand Cart |
| 19:01 | Research | Hand Cart |
| 19:01 | Research | Hand Cart |
| 19:04 | Build | Farm |
| 20:08 | Build | Lumber Camp |
| 20:14 | Create | Villager (Male) |
| 20:15 | Create | Villager (Male) |
| 20:15 | Create | Villager (Male) |
| 20:15 | Create | Villager (Male) |
| 20:15 | Create | Villager (Male) |
| 20:27 | Research | Gold Shaft Mining |
| 20:27 | Research | Gold Shaft Mining |
| 22:40 | Build | Town Center |
| 22:46 | Create | Villager (Male) |
| 22:46 | Create | Villager (Male) |
| 22:46 | Create | Villager (Male) |
| 22:47 | Create | Villager (Male) |
| 22:47 | Create | Villager (Male) |
| 22:47 | Create | Villager (Male) |
| 22:56 | Build | Town Center |
| 23:37 | Create | Villager (Male) |
| 23:38 | Create | Villager (Male) |
| 23:38 | Create | Villager (Male) |
| 23:38 | Create | Villager (Male) |
| 23:38 | Create | Villager (Male) |
| 23:42 | Create | Villager (Male) |
| 24:05 | Build | Farm |
| 24:06 | Build | Farm |
| 24:08 | Build | Farm |
| 24:09 | Build | Farm |
| 24:09 | Build | Farm |
| 24:10 | Build | Farm |
| 24:14 | Build | Farm |
| 24:24 | Build | Farm |
| 24:34 | Create | Villager (Male) |
| 24:34 | Create | Villager (Male) |
| 24:35 | Create | Villager (Male) |
| 24:45 | Create | Villager (Male) |
| 24:45 | Create | Villager (Male) ×5 |
| 24:45 | Create | Villager (Male) ×5 |
| 24:46 | Create | Villager (Male) ×5 |
| 24:46 | Create | Villager (Male) ×4 |
| 24:46 | Create | Villager (Male) |
| 24:52 | Build | House |
| 24:54 | Build | House |
Build order — jens_steffen1
First 150 of 347 actions detected
| 0:03 | Create | Villager (Male) |
| 0:06 | Build | House |
| 0:37 | Build | House |
| 0:43 | Create | Villager (Male) |
| 0:43 | Create | Villager (Male) |
| 1:07 | Build | House |
| 1:09 | Build | House |
| 1:10 | Build | House |
| 1:14 | Build | House |
| 1:26 | Create | Villager (Male) |
| 1:26 | Create | Villager (Male) |
| 1:26 | Create | Villager (Male) |
| 2:24 | Create | Villager (Male) |
| 2:24 | Create | Villager (Male) |
| 2:25 | Create | Villager (Male) |
| 2:46 | Build | House |
| 3:01 | Create | Villager (Male) |
| 3:02 | Create | Villager (Male) |
| 3:02 | Create | Villager (Male) |
| 3:36 | Create | Villager (Male) |
| 3:36 | Create | Villager (Male) |
| 4:16 | Create | Villager (Male) |
| 4:17 | Create | Villager (Male) |
| 5:17 | Create | Villager (Male) |
| 5:17 | Create | Villager (Male) |
| 5:17 | Create | Villager (Male) |
| 5:18 | Create | Villager (Male) |
| 5:18 | Create | Villager (Male) |
| 5:34 | Create | Villager (Male) |
| 5:49 | Build | Lumber Camp |
| 5:53 | Create | Villager (Male) |
| 5:53 | Create | Villager (Male) |
| 6:17 | Create | Villager (Male) |
| 7:52 | Build | Mill |
| 8:17 | Create | Villager (Male) |
| 8:17 | Create | Villager (Male) |
| 8:18 | Create | Villager (Male) |
| 8:19 | Create | Villager (Male) |
| 9:02 | Create | Villager (Male) |
| 9:03 | Create | Villager (Male) |
| 9:03 | Create | Villager (Male) |
| 9:22 | Build | Mining Camp |
| 9:53 | Create | Villager (Male) |
| 9:54 | Create | Villager (Male) |
| 10:40 | Research | Feudal Age |
| 10:51 | Build | Farm |
| 10:53 | Build | Farm |
| 10:55 | Build | Farm |
| 10:58 | Build | Farm |
| 11:07 | Build | Mill |
| 11:21 | Build | Mill |
| 11:34 | Create | Villager (Male) |
| 11:35 | Create | Villager (Male) |
| 11:36 | Create | Villager (Male) |
| 12:26 | Create | Villager (Male) |
| 12:26 | Create | Villager (Male) |
| 13:07 | Age | Feudal Age |
| 13:09 | Research | Horse Collar |
| 13:12 | Research | Double-Bit Axe |
| 13:19 | Build | Farm |
| 13:32 | Build | Farm |
| 13:33 | Build | Farm |
| 13:36 | Build | Farm |
| 13:37 | Build | Farm |
| 13:39 | Build | Farm |
| 13:43 | Build | Farm |
| 13:55 | Build | Farm |
| 13:58 | Create | Villager (Male) |
| 13:59 | Create | Villager (Male) |
| 13:59 | Create | Villager (Male) |
| 14:40 | Research | Wheelbarrow |
| 14:56 | Build | Market |
| 15:01 | Create | Villager (Male) |
| 15:01 | Create | Villager (Male) |
| 15:15 | Research | Gold Mining |
| 15:51 | Build | House |
| 15:52 | Build | House |
| 15:54 | Build | House |
| 15:56 | Build | House |
| 15:58 | Build | House |
| 16:21 | Build | Blacksmith |
| 16:34 | Build | Farm |
| 16:35 | Build | Farm |
| 16:49 | Build | Farm |
| 16:52 | Build | Farm |
| 17:01 | Build | Farm |
| 17:03 | Build | Farm |
| 17:13 | Build | Farm |
| 17:26 | Research | Castle Age |
| 17:43 | Research | Stone Mining |
| 18:14 | Build | House |
| 18:44 | Create | Trade Cart |
| 18:45 | Create | Trade Cart |
| 19:58 | Research | Loom |
| 19:59 | Create | Villager (Male) |
| 19:59 | Create | Villager (Male) |
| 20:00 | Create | Villager (Male) |
| 20:00 | Create | Villager (Male) |
| 20:06 | Age | Castle Age |
| 20:10 | Build | Town Center |
| 20:57 | Build | Town Center |
| 20:58 | Research | Bow Saw |
| 21:00 | Research | Heavy Plow |
| 21:04 | Research | Stone Shaft Mining |
| 21:04 | Research | Gold Shaft Mining |
| 21:10 | Create | Trade Cart |
| 21:10 | Research | Caravan |
| 22:04 | Create | Villager (Male) |
| 22:04 | Create | Villager (Male) |
| 22:05 | Create | Villager (Male) |
| 22:05 | Create | Villager (Male) |
| 22:05 | Create | Villager (Male) |
| 22:07 | Create | Villager (Male) |
| 22:07 | Create | Villager (Male) |
| 22:10 | Create | Villager (Male) |
| 22:10 | Create | Villager (Male) |
| 22:11 | Create | Villager (Male) |
| 22:11 | Create | Villager (Male) |
| 22:11 | Create | Villager (Male) |
| 22:20 | Create | Villager (Male) |
| 22:21 | Create | Villager (Male) |
| 22:30 | Create | Villager (Male) |
| 22:54 | Build | House |
| 22:56 | Build | House |
| 22:58 | Build | House |
| 22:59 | Build | House |
| 23:30 | Build | Barracks |
| 23:52 | Build | Gate |
| 23:54 | Create | Villager (Male) |
| 23:55 | Create | Villager (Male) |
| 23:55 | Create | Villager (Male) |
| 23:56 | Create | Villager (Male) |
| 23:56 | Create | Villager (Male) |
| 23:56 | Create | Villager (Male) |
| 23:57 | Create | Villager (Male) |
| 24:35 | Build | Archery Range |
| 24:37 | Build | Archery Range |
| 24:38 | Build | Archery Range |
| 24:42 | Create | Villager (Male) |
| 24:43 | Create | Villager (Male) |
| 24:43 | Create | Villager (Male) |
| 24:43 | Create | Villager (Male) |
| 24:44 | Create | Villager (Male) |
| 24:44 | Create | Villager (Male) |
| 24:50 | Create | Villager (Male) |
| 24:51 | Create | Villager (Male) |
| 24:51 | Create | Villager (Male) |
| 25:18 | Research | Elite Skirmisher (upgrade) |
| 25:24 | Create | Skirmisher |
| 25:25 | Create | Skirmisher |
Build order — T.G-James.
First 150 of 551 actions detected
| 0:00 | Create | Villager (Male) |
| 0:01 | Create | Villager (Male) |
| 0:01 | Create | Villager (Male) |
| 0:02 | Build | House |
| 0:03 | Build | House |
| 0:34 | Create | Villager (Male) |
| 1:23 | Create | Villager (Male) |
| 1:46 | Create | Villager (Male) |
| 2:07 | Create | Villager (Male) |
| 2:41 | Create | Villager (Male) |
| 2:51 | Create | Villager (Male) |
| 3:10 | Create | Villager (Male) |
| 3:25 | Create | Villager (Male) |
| 3:32 | Build | House |
| 3:51 | Create | Villager (Male) |
| 4:21 | Create | Villager (Male) |
| 4:39 | Create | Villager (Male) |
| 5:07 | Build | Lumber Camp |
| 5:08 | Create | Villager (Male) |
| 5:29 | Build | Mill |
| 5:54 | Create | Villager (Male) |
| 6:30 | Create | Villager (Male) |
| 6:48 | Build | House |
| 6:49 | Build | House |
| 6:56 | Create | Villager (Male) |
| 7:35 | Create | Villager (Male) |
| 8:01 | Build | Mill |
| 8:05 | Build | Mining Camp |
| 8:09 | Create | Villager (Male) |
| 8:34 | Create | Villager (Male) |
| 8:36 | Research | Feudal Age |
| 9:26 | Create | Villager (Male) |
| 9:59 | Create | Villager (Male) |
| 10:11 | Build | House |
| 10:13 | Build | House |
| 10:13 | Build | House |
| 10:15 | Build | House |
| 10:16 | Build | House |
| 10:19 | Create | Villager (Male) |
| 10:30 | Research | Loom |
| 11:14 | Build | Mill |
| 11:25 | Age | Feudal Age |
| 11:28 | Research | Double-Bit Axe |
| 11:30 | Build | Market |
| 11:56 | Build | Blacksmith |
| 12:27 | Create | Villager (Male) |
| 12:51 | Build | Mining Camp |
| 13:05 | Create | Villager (Male) |
| 13:13 | Build | House |
| 13:35 | Research | Castle Age |
| 14:25 | Research | Stone Mining |
| 14:40 | Build | Farm |
| 14:42 | Build | Farm |
| 14:43 | Build | Farm |
| 14:44 | Build | Farm |
| 14:46 | Build | Farm |
| 15:10 | Create | Villager (Male) |
| 15:27 | Create | Villager (Male) |
| 15:42 | Create | Villager (Male) |
| 16:15 | Age | Castle Age |
| 16:19 | Build | Town Center |
| 16:26 | Build | Town Center |
| 16:46 | Research | Horse Collar |
| 17:23 | Create | Villager (Male) |
| 17:46 | Create | Villager (Male) |
| 18:24 | Create | Villager (Male) |
| 18:27 | Create | Villager (Male) |
| 18:28 | Create | Villager (Male) |
| 18:30 | Create | Villager (Male) |
| 18:36 | Research | Gold Mining |
| 18:39 | Research | Heavy Plow |
| 18:43 | Research | Bow Saw |
| 18:53 | Create | Villager (Male) |
| 18:55 | Create | Villager (Male) |
| 18:57 | Build | Farm |
| 19:19 | Build | Mining Camp |
| 19:21 | Create | Villager (Male) |
| 19:26 | Build | Farm |
| 19:28 | Create | Villager (Male) |
| 19:29 | Create | Villager (Male) |
| 19:56 | Build | Farm |
| 19:59 | Create | Villager (Male) |
| 20:00 | Create | Villager (Male) |
| 20:06 | Build | Farm |
| 20:15 | Create | Villager (Male) |
| 20:23 | Build | Castle |
| 20:26 | Create | Villager (Male) |
| 20:30 | Build | Farm |
| 20:32 | Create | Villager (Male) |
| 20:39 | Build | Farm |
| 20:44 | Create | Trade Cart |
| 20:45 | Create | Trade Cart |
| 21:14 | Create | Villager (Male) |
| 21:15 | Create | Villager (Male) |
| 21:16 | Create | Villager (Male) |
| 21:18 | Build | Farm |
| 21:21 | Build | Farm |
| 21:23 | Create | Villager (Male) |
| 21:30 | Create | Villager (Male) |
| 21:47 | Create | Villager (Male) |
| 22:01 | Build | Farm |
| 22:04 | Build | Farm |
| 22:06 | Create | Villager (Male) |
| 22:10 | Create | Villager (Male) |
| 22:14 | Build | Farm |
| 22:15 | Build | Farm |
| 22:18 | Build | Farm |
| 22:21 | Build | Farm |
| 22:33 | Build | Siege Workshop |
| 22:39 | Build | Monastery |
| 22:44 | Create | Villager (Male) |
| 22:44 | Create | Villager (Male) |
| 22:45 | Create | Villager (Male) |
| 23:00 | Build | Barracks |
| 23:03 | Create | Villager (Male) |
| 23:04 | Create | Villager (Male) |
| 23:05 | Create | Monk |
| 23:07 | Create | Monk |
| 23:13 | Create | Villager (Male) |
| 23:16 | Create | Villager (Male) |
| 23:22 | Build | Farm |
| 23:34 | Create | Villager (Male) |
| 23:36 | Create | Villager (Male) |
| 23:58 | Build | Farm |
| 23:59 | Create | Villager (Male) |
| 24:00 | Create | Villager (Male) |
| 24:00 | Create | Villager (Male) |
| 24:07 | Build | Farm |
| 24:08 | Create | Villager (Male) |
| 24:12 | Build | Farm |
| 25:09 | Build | Farm |
| 25:10 | Create | Villager (Male) |
| 25:10 | Create | Villager (Male) |
| 25:11 | Create | Villager (Male) |
| 25:18 | Build | Mining Camp |
| 25:22 | Research | Yeomen |
| 25:25 | Create | Villager (Male) |
| 25:25 | Create | Villager (Male) |
| 25:26 | Create | Villager (Male) |
| 25:32 | Build | Farm |
| 25:33 | Build | Farm |
| 25:34 | Build | Farm |
| 25:35 | Build | Farm |
| 25:37 | Create | Villager (Male) |
| 25:38 | Create | Villager (Male) |
| 25:38 | Create | Villager (Male) |
| 25:40 | Build | Farm |
| 25:45 | Research | Heavy Plow |
| 25:50 | Create | Trade Cart |
| 26:02 | Create | Villager (Male) |
Build order — m00n
First 150 of 542 actions detected
| 0:01 | Create | Villager (Male) |
| 0:02 | Build | House |
| 0:04 | Build | House |
| 0:06 | Create | Villager (Male) |
| 0:07 | Create | Villager (Male) |
| 0:07 | Create | Villager (Male) |
| 0:07 | Create | Villager (Male) |
| 1:34 | Create | Villager (Male) |
| 1:34 | Create | Villager (Male) |
| 1:46 | Build | Lumber Camp |
| 2:05 | Create | Villager (Male) |
| 2:14 | Create | Villager (Male) |
| 2:15 | Create | Villager (Male) |
| 2:47 | Create | Villager (Male) |
| 2:47 | Create | Villager (Male) |
| 3:06 | Create | Villager (Male) |
| 3:06 | Create | Villager (Male) |
| 3:28 | Build | House |
| 3:31 | Create | Villager (Male) |
| 3:31 | Create | Villager (Male) |
| 3:46 | Create | Villager (Male) |
| 3:46 | Create | Villager (Male) |
| 3:51 | Build | Mill |
| 4:20 | Create | Villager (Male) |
| 4:21 | Create | Villager (Male) |
| 4:53 | Build | House |
| 4:59 | Build | House |
| 5:00 | Build | House |
| 5:02 | Build | House |
| 5:04 | Create | Villager (Male) |
| 5:04 | Create | Villager (Male) |
| 5:05 | Create | Villager (Male) |
| 5:22 | Create | Villager (Male) |
| 5:22 | Create | Villager (Male) |
| 5:45 | Create | Villager (Male) |
| 5:55 | Create | Villager (Male) |
| 5:55 | Create | Villager (Male) |
| 6:08 | Create | Villager (Male) |
| 6:33 | Create | Villager (Male) |
| 6:53 | Create | Villager (Male) |
| 6:54 | Create | Villager (Male) |
| 7:04 | Create | Villager (Male) |
| 7:08 | Create | Villager (Male) |
| 7:08 | Create | Villager (Male) |
| 7:50 | Create | Villager (Male) |
| 7:50 | Create | Villager (Male) |
| 7:50 | Create | Villager (Male) |
| 7:51 | Create | Villager (Male) |
| 8:20 | Research | Feudal Age |
| 8:32 | Build | Lumber Camp |
| 8:44 | Build | House |
| 8:46 | Build | House |
| 8:47 | Build | House |
| 8:49 | Build | House |
| 8:52 | Build | House |
| 8:53 | Build | House |
| 8:54 | Build | House |
| 8:57 | Build | House |
| 9:02 | Build | Palisade Wall |
| 9:02 | Build | Palisade Wall |
| 9:43 | Build | Mill |
| 10:34 | Age | Feudal Age |
| 10:36 | Research | Wheelbarrow |
| 10:39 | Research | Double-Bit Axe |
| 10:42 | Research | Horse Collar |
| 11:19 | Build | Market |
| 11:20 | Create | Villager (Male) |
| 11:20 | Create | Villager (Male) |
| 11:51 | Build | Blacksmith |
| 12:37 | Build | House |
| 12:38 | Build | House |
| 12:39 | Build | House |
| 12:41 | Build | House |
| 12:43 | Build | House |
| 12:54 | Create | Villager (Male) |
| 12:55 | Create | Villager (Male) |
| 13:09 | Build | Farm |
| 13:09 | Build | Farm |
| 13:10 | Build | Farm |
| 13:10 | Build | Farm |
| 13:10 | Build | Farm |
| 13:13 | Build | Farm |
| 13:15 | Build | Farm |
| 13:15 | Build | Farm |
| 13:23 | Build | Farm |
| 13:27 | Build | Farm |
| 14:16 | Research | Castle Age |
| 14:23 | Build | House |
| 14:25 | Build | House |
| 14:26 | Build | House |
| 14:27 | Build | House |
| 14:36 | Build | Palisade Wall |
| 14:38 | Build | Palisade Wall |
| 14:43 | Build | House |
| 14:46 | Build | House |
| 14:47 | Build | House |
| 14:50 | Build | House |
| 14:54 | Build | House |
| 15:01 | Build | Mining Camp |
| 15:15 | Build | Palisade Wall |
| 15:20 | Build | Palisade Wall |
| 15:21 | Build | Palisade Wall |
| 15:25 | Build | House |
| 15:26 | Build | House |
| 16:56 | Age | Castle Age |
| 16:58 | Research | Hand Cart |
| 17:02 | Research | Bow Saw |
| 17:13 | Build | Town Center |
| 17:46 | Build | Farm |
| 17:46 | Build | Farm |
| 17:47 | Build | Farm |
| 17:47 | Build | Farm |
| 17:48 | Build | Farm |
| 17:49 | Build | Farm |
| 18:14 | Build | House |
| 18:16 | Build | House |
| 18:17 | Build | House |
| 18:19 | Build | House |
| 19:07 | Create | Villager (Male) |
| 19:07 | Create | Villager (Male) |
| 19:07 | Create | Villager (Male) |
| 19:11 | Research | Heavy Plow |
| 19:24 | Build | House |
| 19:25 | Build | House |
| 19:30 | Build | House |
| 19:32 | Create | Villager (Male) |
| 19:32 | Create | Villager (Male) |
| 19:33 | Create | Villager (Male) |
| 19:57 | Build | Town Center |
| 20:01 | Create | Villager (Male) |
| 20:01 | Create | Villager (Male) |
| 20:01 | Create | Villager (Male) |
| 20:06 | Build | Farm |
| 20:06 | Build | Farm |
| 20:47 | Build | Farm |
| 20:47 | Build | Farm |
| 20:48 | Build | Farm |
| 20:48 | Build | Farm |
| 20:52 | Create | Villager (Male) |
| 20:53 | Create | Villager (Male) |
| 20:53 | Create | Villager (Male) |
| 20:53 | Create | Villager (Male) |
| 21:10 | Create | Villager (Male) |
| 21:10 | Create | Villager (Male) |
| 21:10 | Create | Villager (Male) |
| 21:36 | Create | Villager (Male) |
| 21:36 | Create | Villager (Male) |
| 21:36 | Create | Villager (Male) |
| 21:37 | Create | Villager (Male) |
| 21:49 | Build | Farm |
Build order — MishualPa
First 150 of 332 actions detected
| 0:04 | Build | House |
| 0:07 | Build | House |
| 0:08 | Create | Villager (Male) |
| 0:08 | Create | Villager (Male) |
| 0:09 | Create | Villager (Male) |
| 0:09 | Create | Villager (Male) |
| 3:04 | Create | Villager (Male) |
| 3:04 | Create | Villager (Male) |
| 3:04 | Create | Villager (Male) |
| 3:05 | Create | Villager (Male) |
| 3:44 | Build | Lumber Camp |
| 4:14 | Build | House |
| 4:23 | Create | Villager (Male) |
| 4:24 | Create | Villager (Male) |
| 4:25 | Create | Villager (Male) |
| 4:40 | Create | Villager (Male) |
| 5:51 | Build | House |
| 6:09 | Build | Mill |
| 6:22 | Create | Villager (Male) |
| 6:33 | Build | House |
| 6:35 | Build | House |
| 8:00 | Research | Feudal Age |
| 8:28 | Create | Villager (Male) |
| 8:42 | Create | Villager (Male) |
| 9:18 | Age | Feudal Age |
| 9:27 | Build | Mill |
| 9:33 | Research | Double-Bit Axe |
| 10:01 | Create | Villager (Male) |
| 10:01 | Create | Villager (Male) |
| 11:08 | Create | Villager (Male) |
| 11:08 | Create | Villager (Male) |
| 11:38 | Create | Villager (Male) |
| 11:56 | Create | Villager (Male) |
| 11:56 | Create | Villager (Male) |
| 11:58 | Create | Villager (Male) |
| 12:34 | Build | Blacksmith |
| 12:57 | Build | Market |
| 13:02 | Create | Villager (Male) |
| 13:05 | Create | Villager (Male) |
| 13:29 | Build | Farm |
| 13:35 | Build | Farm |
| 13:38 | Build | Farm |
| 13:46 | Build | Farm |
| 13:55 | Build | Farm |
| 14:09 | Build | Farm |
| 14:32 | Build | Mining Camp |
| 14:42 | Create | Villager (Male) |
| 14:43 | Create | Villager (Male) |
| 14:45 | Create | Villager (Male) |
| 15:15 | Build | Farm |
| 15:19 | Build | Farm |
| 15:27 | Build | Farm |
| 15:35 | Build | Farm |
| 15:53 | Build | Farm |
| 16:00 | Create | Villager (Male) |
| 16:02 | Create | Villager (Male) |
| 16:06 | Research | Horse Collar |
| 16:20 | Build | House |
| 16:22 | Build | House |
| 16:23 | Build | House |
| 16:28 | Build | House |
| 16:31 | Build | House |
| 16:33 | Build | House |
| 16:34 | Build | House |
| 16:48 | Build | Farm |
| 16:57 | Build | Farm |
| 17:20 | Build | Barracks |
| 17:26 | Research | Castle Age |
| 17:39 | Build | Mining Camp |
| 18:31 | Build | Farm |
| 18:49 | Build | Archery Range |
| 19:02 | Age | Castle Age |
| 19:05 | Create | Villager (Male) |
| 19:05 | Create | Villager (Male) |
| 19:05 | Create | Villager (Male) |
| 19:06 | Create | Villager (Male) |
| 20:22 | Build | Lumber Camp |
| 20:42 | Create | Spearman |
| 20:43 | Create | Spearman |
| 21:37 | Build | Town Center |
| 22:18 | Create | Villager (Male) |
| 22:19 | Create | Villager (Male) |
| 22:19 | Create | Villager (Male) |
| 22:19 | Create | Villager (Male) |
| 22:20 | Create | Villager (Male) |
| 22:21 | Create | Villager (Male) |
| 22:21 | Create | Villager (Male) |
| 22:21 | Create | Villager (Male) |
| 22:24 | Create | Villager (Male) |
| 22:24 | Create | Villager (Male) |
| 22:25 | Create | Villager (Male) |
| 22:25 | Create | Villager (Male) |
| 22:25 | Create | Villager (Male) |
| 23:27 | Create | Villager (Male) |
| 23:27 | Create | Villager (Male) |
| 23:28 | Create | Villager (Male) |
| 23:28 | Create | Villager (Male) |
| 23:28 | Create | Villager (Male) |
| 23:29 | Create | Villager (Male) |
| 23:29 | Create | Villager (Male) |
| 23:29 | Create | Villager (Male) |
| 23:31 | Create | Villager (Male) |
| 23:33 | Research | Bow Saw |
| 23:35 | Research | Heavy Plow |
| 24:13 | Build | Farm |
| 24:17 | Create | Villager (Male) |
| 24:18 | Create | Villager (Male) |
| 24:21 | Build | Farm |
| 24:34 | Build | Farm |
| 25:01 | Build | Farm |
| 25:11 | Build | Farm |
| 25:18 | Build | Farm |
| 25:28 | Build | Farm |
| 25:36 | Create | Villager (Male) |
| 25:39 | Create | Villager (Male) |
| 25:39 | Create | Villager (Male) |
| 26:27 | Create | Villager (Male) |
| 26:28 | Create | Villager (Male) |
| 26:30 | Create | Villager (Male) |
| 26:32 | Create | Villager (Male) |
| 26:32 | Create | Villager (Male) |
| 26:35 | Create | Villager (Male) |
| 26:35 | Create | Villager (Male) |
| 26:36 | Create | Villager (Male) |
| 26:52 | Build | Town Center |
| 27:38 | Create | Villager (Male) |
| 27:38 | Create | Villager (Male) |
| 27:43 | Create | Villager (Male) |
| 27:44 | Create | Villager (Male) |
| 27:56 | Research | Squires |
| 28:04 | Research | Arson |
| 28:09 | Research | Forging |
| 28:25 | Create | Villager (Male) |
| 28:28 | Create | Villager (Male) |
| 28:29 | Create | Villager (Male) |
| 28:37 | Create | Villager (Male) |
| 28:38 | Create | Villager (Male) |
| 28:38 | Create | Villager (Male) |
| 28:38 | Create | Villager (Male) |
| 28:38 | Create | Villager (Male) |
| 28:39 | Create | Villager (Male) |
| 28:40 | Create | Villager (Male) |
| 28:40 | Create | Villager (Male) |
| 28:43 | Create | Villager (Male) |
| 28:50 | Build | Farm |
| 28:52 | Build | Farm |
| 28:53 | Build | Farm |
| 28:54 | Build | Farm |
| 29:25 | Build | Town Center |
| 29:38 | Create | Villager (Male) |
Build order — birtanonline
First 150 of 290 actions detected
| 0:27 | Build | House |
| 0:28 | Build | House |
| 0:29 | Build | House |
| 0:31 | Build | House |
| 0:35 | Create | Villager (Male) |
| 0:35 | Research | Loom |
| 0:35 | Create | Villager (Male) |
| 0:36 | Create | Villager (Male) |
| 0:36 | Create | Villager (Male) |
| 0:36 | Create | Villager (Male) |
| 1:46 | Create | Villager (Male) |
| 1:55 | Build | Mill |
| 2:55 | Create | Villager (Male) |
| 3:20 | Create | Villager (Male) |
| 3:55 | Create | Villager (Male) |
| 4:03 | Create | Villager (Male) |
| 4:25 | Create | Villager (Male) |
| 5:02 | Create | Villager (Male) |
| 5:21 | Build | Lumber Camp |
| 5:24 | Create | Villager (Male) |
| 5:37 | Create | Villager (Male) |
| 6:02 | Create | Villager (Male) |
| 6:31 | Create | Villager (Male) |
| 6:50 | Build | Mill |
| 6:52 | Create | Villager (Male) |
| 7:24 | Create | Villager (Male) |
| 7:43 | Build | Mining Camp |
| 7:59 | Create | Villager (Male) |
| 8:11 | Build | House |
| 8:14 | Build | House |
| 8:15 | Build | House |
| 8:17 | Build | House |
| 8:28 | Create | Villager (Male) |
| 8:32 | Build | House |
| 8:52 | Build | House |
| 8:54 | Build | House |
| 8:57 | Build | House |
| 8:58 | Build | House |
| 9:00 | Create | Villager (Male) |
| 9:04 | Create | Villager (Male) |
| 9:25 | Build | House |
| 9:27 | Create | Villager (Male) |
| 10:05 | Create | Villager (Male) |
| 10:19 | Build | Mining Camp |
| 10:33 | Create | Villager (Male) |
| 10:44 | Build | Mining Camp |
| 11:02 | Create | Villager (Male) |
| 11:26 | Build | House |
| 11:27 | Build | House |
| 11:29 | Build | House |
| 11:33 | Build | House |
| 11:35 | Build | House |
| 11:37 | Build | House |
| 11:40 | Create | Villager (Male) |
| 12:03 | Build | House |
| 12:04 | Build | House |
| 12:08 | Create | Villager (Male) |
| 12:32 | Research | Feudal Age |
| 12:37 | Build | Farm |
| 13:11 | Create | Villager (Male) |
| 13:12 | Create | Villager (Male) |
| 13:27 | Build | Farm |
| 13:30 | Build | Farm |
| 13:33 | Build | Farm |
| 13:52 | Build | Farm |
| 14:13 | Build | Farm |
| 14:43 | Age | Feudal Age |
| 14:51 | Build | Gate |
| 14:56 | Build | House |
| 15:05 | Research | Double-Bit Axe |
| 15:08 | Research | Horse Collar |
| 15:15 | Research | Town Watch |
| 15:30 | Research | Stone Mining |
| 16:02 | Create | Villager (Male) |
| 16:10 | Research | Gold Mining |
| 16:12 | Research | Wheelbarrow |
| 16:14 | Create | Villager (Male) |
| 16:39 | Build | Blacksmith |
| 17:18 | Build | Market |
| 17:23 | Create | Villager (Male) |
| 17:59 | Build | Market |
| 18:13 | Build | Farm |
| 18:20 | Create | Villager (Male) |
| 18:47 | Create | Villager (Male) |
| 19:37 | Create | Villager (Male) |
| 20:20 | Create | Villager (Male) |
| 20:22 | Research | Castle Age |
| 20:23 | Create | Villager (Male) |
| 20:41 | Create | Villager (Male) |
| 20:46 | Create | Trade Cart |
| 20:46 | Create | Trade Cart |
| 20:47 | Create | Trade Cart |
| 20:58 | Create | Trade Cart |
| 21:28 | Create | Trade Cart |
| 21:33 | Research | Padded Archer Armor |
| 21:33 | Research | Fletching |
| 21:50 | Create | Trade Cart |
| 21:52 | Create | Villager (Male) |
| 22:16 | Create | Trade Cart |
| 23:02 | Age | Castle Age |
| 23:07 | Research | Bow Saw |
| 23:09 | Research | Stone Shaft Mining |
| 23:20 | Build | Town Center |
| 23:26 | Build | Monastery |
| 23:29 | Build | University |
| 23:35 | Research | Gold Shaft Mining |
| 23:38 | Research | Gold Shaft Mining |
| 24:10 | Research | Heavy Plow |
| 24:13 | Create | Villager (Male) |
| 24:23 | Create | Monk |
| 24:30 | Create | Villager (Male) |
| 24:35 | Create | Villager (Male) |
| 24:36 | Create | Villager (Male) |
| 24:36 | Create | Villager (Male) |
| 24:43 | Build | Farm |
| 24:45 | Build | Farm |
| 24:50 | Create | Villager (Male) |
| 24:53 | Create | Villager (Male) |
| 24:56 | Build | Farm |
| 25:04 | Build | Farm |
| 25:17 | Build | Farm |
| 25:21 | Build | Farm |
| 25:26 | Create | Villager (Male) |
| 25:42 | Build | Farm |
| 25:49 | Create | Villager (Male) |
| 25:51 | Create | Villager (Male) |
| 25:52 | Create | Villager (Male) |
| 25:52 | Create | Villager (Male) |
| 25:52 | Create | Villager (Male) |
| 25:58 | Build | Farm |
| 26:03 | Build | Farm |
| 26:10 | Create | Villager (Male) |
| 26:17 | Build | Farm |
| 26:28 | Build | Farm |
| 26:44 | Build | Farm |
| 26:47 | Build | Farm |
| 26:52 | Create | Villager (Male) |
| 26:52 | Create | Villager (Male) |
| 27:00 | Build | Castle |
| 27:05 | Build | Mining Camp |
| 27:10 | Build | Farm |
| 27:16 | Build | Farm |
| 27:17 | Create | Villager (Male) |
| 27:20 | Research | Town Patrol |
| 27:38 | Research | Treadmill Crane |
| 27:41 | Create | Villager (Male) |
| 28:16 | Research | Hand Cart |
| 28:47 | Create | Villager (Male) |
| 28:49 | Create | Villager (Male) |
| 28:50 | Create | Villager (Male) |
Build order — MKO82
First 150 of 544 actions detected
| 0:04 | Create | Villager (Male) |
| 0:04 | Research | Loom |
| 0:04 | Create | Villager (Male) |
| 0:05 | Create | Villager (Male) |
| 0:05 | Create | Villager (Male) |
| 0:05 | Create | Villager (Male) |
| 0:09 | Build | House |
| 0:10 | Build | House |
| 0:11 | Build | House |
| 1:10 | Build | House |
| 1:11 | Build | House |
| 1:12 | Build | House |
| 1:14 | Build | House |
| 1:16 | Build | House |
| 1:36 | Create | Villager (Male) |
| 2:20 | Create | Villager (Male) |
| 2:40 | Create | Villager (Male) |
| 3:16 | Create | Villager (Male) |
| 3:16 | Create | Villager (Male) |
| 3:29 | Create | Villager (Male) |
| 3:29 | Create | Villager (Male) |
| 3:55 | Create | Villager (Male) |
| 4:09 | Create | Villager (Male) |
| 4:09 | Create | Villager (Male) |
| 4:40 | Create | Villager (Male) |
| 5:05 | Create | Villager (Male) |
| 5:06 | Create | Villager (Male) |
| 5:18 | Create | Villager (Male) |
| 5:18 | Create | Villager (Male) |
| 5:19 | Create | Villager (Male) |
| 5:38 | Create | Villager (Male) |
| 5:38 | Create | Villager (Male) |
| 5:46 | Create | Villager (Male) |
| 5:47 | Create | Villager (Male) |
| 6:20 | Create | Villager (Male) |
| 6:20 | Create | Villager (Male) |
| 6:20 | Create | Villager (Male) |
| 6:21 | Create | Villager (Male) |
| 6:21 | Create | Villager (Male) |
| 6:21 | Create | Villager (Male) |
| 6:52 | Create | Villager (Male) |
| 7:15 | Create | Villager (Male) |
| 7:15 | Create | Villager (Male) |
| 8:08 | Build | Mill |
| 8:24 | Create | Villager (Male) |
| 8:24 | Create | Villager (Male) |
| 8:24 | Create | Villager (Male) |
| 8:25 | Create | Villager (Male) |
| 8:25 | Create | Villager (Male) |
| 8:25 | Create | Villager (Male) |
| 8:25 | Create | Villager (Male) |
| 8:26 | Create | Villager (Male) |
| 9:12 | Build | Lumber Camp |
| 9:47 | Research | Feudal Age |
| 9:53 | Build | Mining Camp |
| 11:45 | Build | Farm |
| 11:46 | Build | Farm |
| 11:48 | Build | Farm |
| 12:14 | Age | Feudal Age |
| 12:15 | Research | Wheelbarrow |
| 12:17 | Research | Horse Collar |
| 12:19 | Research | Double-Bit Axe |
| 12:21 | Create | Villager (Male) |
| 12:22 | Create | Villager (Male) |
| 12:23 | Create | Villager (Male) |
| 12:36 | Build | Market |
| 12:42 | Build | Blacksmith |
| 12:48 | Create | Villager (Male) |
| 13:33 | Build | House |
| 13:42 | Create | Villager (Male) |
| 13:43 | Create | Villager (Male) |
| 13:43 | Create | Villager (Male) |
| 13:43 | Create | Villager (Male) |
| 14:01 | Build | Farm |
| 14:02 | Build | Farm |
| 14:10 | Build | Farm |
| 14:11 | Build | Farm |
| 14:12 | Build | Farm |
| 14:13 | Build | Farm |
| 14:17 | Build | Farm |
| 14:18 | Build | Farm |
| 14:19 | Build | Farm |
| 14:21 | Build | Farm |
| 14:22 | Build | Farm |
| 14:23 | Build | Farm |
| 14:35 | Build | Mining Camp |
| 14:56 | Build | House |
| 14:58 | Build | House |
| 15:00 | Build | House |
| 15:02 | Build | House |
| 16:16 | Build | House |
| 16:18 | Build | House |
| 16:19 | Build | House |
| 16:21 | Build | House |
| 16:22 | Build | House |
| 16:23 | Build | House |
| 16:37 | Build | Farm |
| 16:48 | Create | Villager (Male) |
| 16:48 | Create | Villager (Male) |
| 16:48 | Create | Villager (Male) |
| 16:49 | Create | Villager (Male) |
| 16:55 | Build | Farm |
| 16:56 | Build | Farm |
| 16:59 | Build | Farm |
| 17:01 | Build | Farm |
| 18:07 | Research | Castle Age |
| 18:30 | Research | Stone Mining |
| 18:36 | Build | House |
| 18:38 | Build | House |
| 18:39 | Build | House |
| 18:40 | Build | House |
| 18:41 | Build | House |
| 18:42 | Build | House |
| 18:43 | Build | House |
| 18:44 | Build | House |
| 18:45 | Build | House |
| 18:47 | Research | Gold Mining |
| 20:55 | Research | Scale Mail Armor |
| 20:55 | Research | Forging |
| 20:57 | Research | Fletching |
| 20:58 | Research | Padded Archer Armor |
| 21:08 | Age | Castle Age |
| 21:13 | Research | Bow Saw |
| 21:14 | Research | Heavy Plow |
| 21:18 | Build | Town Center |
| 21:25 | Build | Town Center |
| 21:32 | Build | Town Center |
| 21:34 | Create | Villager (Male) |
| 21:35 | Create | Villager (Male) |
| 21:35 | Create | Villager (Male) |
| 21:35 | Create | Villager (Male) |
| 21:39 | Build | House |
| 21:40 | Build | House |
| 21:41 | Build | House |
| 21:46 | Build | House |
| 21:47 | Build | House |
| 22:08 | Build | Farm |
| 22:09 | Build | Farm |
| 22:11 | Build | Farm |
| 22:12 | Build | Farm |
| 22:13 | Build | Farm |
| 22:14 | Build | Farm |
| 22:15 | Build | Farm |
| 22:23 | Create | Villager (Male) |
| 22:23 | Create | Villager (Male) |
| 22:23 | Create | Villager (Male) |
| 22:23 | Create | Villager (Male) |
| 22:24 | Create | Villager (Male) |
| 22:31 | Build | Farm |
| 22:32 | Build | Farm |
Match timeline
| 7:38 | bigdady · first_building Barracks |
| 9:02 | m00n · wall_segment Palisade Wall x1 |
| 9:02 | m00n · wall_segment Palisade Wall x1 |
| 9:18 | MishualPa · age_up feudal |
| 10:00 | YellowyGnu8986 · first_building Barracks |
| 10:34 | m00n · age_up feudal |
| 11:25 | T.G-James. · age_up feudal |
| 12:14 | MKO82 · age_up feudal |
| 12:52 | bigdady · age_up feudal |
| 13:07 | jens_steffen1 · age_up feudal |
| 13:57 | m00n · first_market_sell 100 wood |
| 14:31 | YellowyGnu8986 · first_building Archery Range |
| 14:36 | m00n · wall_segment Palisade Wall x1 |
| 14:38 | m00n · wall_segment Palisade Wall x1 |
| 14:43 | birtanonline · age_up feudal |
| 15:09 | bigdady · first_building Archery Range |
| 15:15 | m00n · wall_segment Palisade Wall x1 |
| 15:20 | m00n · wall_segment Palisade Wall x1 |
| 15:21 | m00n · wall_segment Palisade Wall x1 |
| 16:15 | T.G-James. · age_up castle |
| 16:56 | m00n · age_up castle |
| 17:20 | MishualPa · first_building Barracks |
| 18:49 | MishualPa · first_building Archery Range |
| 19:02 | MishualPa · age_up castle |
| 20:06 | jens_steffen1 · age_up castle |
| 20:23 | T.G-James. · first_building Castle |
| 21:08 | MKO82 · age_up castle |
| 21:31 | MishualPa · first_market_buy 100 wood |
| 22:02 | bigdady · age_up castle |
| 22:33 | T.G-James. · first_building Siege Workshop |
| 22:39 | T.G-James. · first_building Monastery |
| 22:39 | bigdady · first_building Castle |
| 22:42 | m00n · first_building Castle |
| 23:00 | T.G-James. · first_building Barracks |
| 23:02 | birtanonline · age_up castle |
| 23:26 | birtanonline · first_building Monastery |
| 23:30 | jens_steffen1 · first_building Barracks |
| 23:42 | m00n · first_building Monastery |
| 24:30 | bigdady · first_building Siege Workshop |
| 24:35 | jens_steffen1 · first_building Archery Range |
| 24:42 | bigdady · first_building Monastery |
| 27:00 | birtanonline · first_building Castle |
| 27:10 | jens_steffen1 · first_building Castle |
| 27:14 | MKO82 · first_building Castle |
| 27:16 | MKO82 · first_building Barracks |
| 27:23 | m00n · first_building Barracks |
| 28:10 | m00n · first_building Stable |
| 28:52 | T.G-James. · first_building Stable |
| 29:59 | YellowyGnu8986 · first_building Castle |
| 31:48 | MishualPa · first_building Castle |
| 32:27 | MKO82 · first_building Archery Range |
| 32:44 | T.G-James. · age_up imperial |
| 32:53 | MKO82 · first_building Siege Workshop |
| 33:21 | MKO82 · age_up imperial |
| 34:13 | YellowyGnu8986 · first_building Siege Workshop |
| 35:46 | jens_steffen1 · first_building Siege Workshop |
| 36:03 | MishualPa · age_up imperial |
| 36:04 | bigdady · age_up imperial |
| 37:34 | m00n · first_building Siege Workshop |
| 37:57 | jens_steffen1 · age_up imperial |
| 39:33 | m00n · age_up imperial |
| 40:01 | birtanonline · age_up imperial |
| 42:48 | m00n · first_building Archery Range |
| 43:21 | YellowyGnu8986 · resign |
| 44:09 | MishualPa · first_building Stable |
[ AI ANALYSIS · 1 CREDIT ]
What really happened in this match?
Wolo.gg analyzes every decision: build order, eco, micro, common mistakes by bracket. Personalized analysis on WhatsApp or Discord in 30 seconds.
Civ guide
Shu
Perfil
Jugador #6284882